 Dungeon Crawl Stone Soup version 0.31-a0-765-g67fe293 (webtiles) character file.

Game seed: 7073975467420838746

2335 Caterwaul the Carver (level 9, -16/63 HPs)
             Began as a Human Monk on Sept 15, 2023.
             Was a Priest of the Shining One.
             Demolished by Amaemon the polar bear (24 damage)
             ... on level 7 of the Dungeon.
             The game lasted 00:11:43 (7509 turns).

Caterwaul the Carver (Human Monk)                   Turns: 7509, Time: 00:11:44

Health: -16/63     AC: 12    Str: 11    XL:     9   Next: 70%
Magic:  9/9        EV: 13    Int: 11    God:    the Shining One [***...]
Gold:   155        SH:  0    Dex: 26    Spells: 8/8 levels left

rFire   . . .        G - +6 dagger (venom)
rCold   + . .        (no shield)
rNeg    + . .        b - +2 leather armour {rC+}
rPois   .            (no helmet)
rElec   .            I - +0 cloak
rCorr   .            n - +0 pair of gloves
SInv    .            F - +0 pair of boots
Will    .....        (no amulet)
Stlth   +            z - +6 ring of dexterity
HPRegen 0.30/turn    m - +4 ring of protection
MPRegen 0.11/turn

%: no passive effects
@: confused, lethally poisoned (-16 -> -21), ambrosia-drunk, glowing
A: no striking features
a: Renounce Religion, Divine Shield, Cleansing Flame


You were on level 7 of the Dungeon.
You worshipped the Shining One.
The Shining One was most pleased with you.
You visited 2 branches of the dungeon, and saw 9 of its levels.

You collected 330 gold pieces.
You spent 175 gold pieces at shops.

Inventory:

Hand Weapons
 a - a +2 scimitar of holy wrath
 G - a +6 dagger of venom (weapon)
Missiles
 u - 4 silver javelins
 w - 14 poisoned darts (quivered)
 D - 4 curare-tipped darts
 L - 5 atropa-tipped darts
Armour
 b - a +2 leather armour of cold resistance (worn)
 d - an orb of light
 n - a +0 pair of gloves (worn)
 F - a +0 pair of boots (worn)
 I - a +0 cloak (worn)
Jewellery
 f - a ring of protection from fire
 h - a ring of willpower
 m - a +4 ring of protection (right hand)
 z - a +6 ring of dexterity (left hand)
Wands
 p - a wand of roots (6)
 t - a wand of polymorph (5)
 E - a wand of flame (38)
Scrolls
 e - 12 scrolls of identify {unknown}
 l - 3 scrolls of silence {unknown}
 o - a scroll of blinking {unknown}
 q - 2 scrolls of noise {unknown}
 r - 2 scrolls of brand weapon {unknown}
 s - a scroll of amnesia {unknown}
 v - 2 scrolls of fear {unknown}
 y - 3 scrolls of teleportation {unknown}
 A - 2 scrolls of poison {unknown}
 J - a scroll of enchant armour {unknown}
Potions
 g - 2 potions of enlightenment {unknown}
 i - 5 potions of curing {unknown}
 j - a potion of might {unknown}
 k - 4 potions of mutation {unknown}
 x - 2 potions of resistance {unknown}
 B - 4 potions of lignification {unknown}
 C - a potion of degeneration {unknown}
 H - a potion of heal wounds {unknown}
 K - a potion of attraction {unknown}


   Skills:
 - Level 3.0 Fighting
 + Level 12.6 Long Blades
 - Level 3.0 Dodging


You had 8 spell levels left.
You didn't know any spells.
Your spell library contained the following spells:

 Spells                   Type           Power      Damage    Failure   Level
 Kiss of Death            Conj/Necr      0%         2d5       43%         1
 Magic Dart               Conj           0%         1d3       43%         1
 Summon Small Mammal      Summ           0%         N/A       43%         1
 Searing Ray              Conj           0%         2d4       56%         2
 Confusing Touch          Hex            0%         N/A       80%         3
 Cause Fear               Hex            0%         N/A       99%         4
 Dispel Undead            Necr           0%         3d6       99%         4
 Fulminant Prism          Conj/Hex       0%         3d5       99%         4
 Leda's Liquefaction      Hex/Erth       0%         N/A       99%         4
 Alistair's Intoxication  Tmut/Pois      0%         N/A       100%        5
 Borgnjor's Vile Clutch   Necr/Erth      0%         N/A       100%        5
 Eringya's Noxious Bog    Tmut/Pois      0%         4d6       100%        6


Dungeon Overview and Level Annotations

Branches:
Dungeon (8/15)             Temple (1/1) D:5
   Lair: D:8-11

Altars:
Ashenzari
Cheibriados
Dithmenos
Elyvilon
Fedhas
Gozag
Hepliaklqana
Kikubaaqudgha
Makhleb
Nemelex Xobeh
Okawaru
Qazlal
Sif Muna
Trog
Uskayaw
Vehumet
Wu Jian
Xom
Yredelemnul
Zin
The Shining One

Shops:
D:3 *[*=   D:6 (

Annotations:
D:7 Amaemon


Message History

Amaemon misses you.
You hit Amaemon but do no damage.
Amaemon looks as sick as possible!
Amaemon is severely wounded.
You feel very sick.
You hit Amaemon but do no damage.
Amaemon looks as sick as possible!
Amaemon is severely wounded.
You feel very sick.
The orange demon stings you but does no damage.
Amaemon goes berserk!
You are too injured to fight recklessly!
You are too injured to fight recklessly!
You are too injured to fight recklessly!
You are too injured to fight recklessly!
You are too injured to fight recklessly!
You feel very sick.
Amaemon rages.
There is a stone staircase leading up here.
You feel very sick. Amaemon bites you but does no damage.
Amaemon barely misses you. Amaemon claws you but does no damage.
Amaemon bites you! Amaemon closely misses you.
Amaemon claws you but does no damage.
You climb upwards.
You feel very sick.
There is a stone staircase leading down here.
You see here a +0 ring mail.
You feel very sick.
You barely miss Amaemon.
Amaemon is almost dead.
You feel sick. Amaemon bites you!
* * * LOW HITPOINT WARNING * * *
Amaemon claws you.
* * * LOW HITPOINT WARNING * * *
Amaemon claws you but does no damage.
You are confused.
You feel invigorated.
You feel sick. Amaemon misses you. Amaemon claws you.
* * * LOW HITPOINT WARNING * * *
Amaemon claws you.
* * * LOW HITPOINT WARNING * * *
Amaemon bites you!!
You die...

..# #......###)<# #.....##. ..###
#....)..##.#####.######. ..'.#
#...)...#..# #...# ###.
..#+######.......#.####'######...
.................#.# #.......#.#.
..†........#####.#.# #....##.#.##
...........# #...# #....##'#...
...........#####..## #.........##
......####......@.#######......##
......####......h.'....##......'.
###..>............####.##......##
..........######### #.##......'.
..........######### #.##......##
..................# #.##......'.
..........#######.# #.##......#.
..........# #.# #...........
########### ####'##############.


You could see Amaemon the polar bear (berserk, extremely poisoned).

Vanquished Creatures
  An ice beast (D:6)
  An ogre (D:5)
  2 centaurs
  A phantom (D:6)
  A bullfrog (D:7)
  5 scorpions
  4 wights (D:6)
  11 killer bees
  A howler monkey (D:5)
  5 orc priests
  3 hounds
  2 gnoll boudas
  3 iguanas (D:5)
  2 orc wizards (D:5)
  2 sleepcaps (D:6)
  15 gnolls
  8 adders
  A worm (D:2)
  3 dart slugs
  22 orcs
  10 ball pythons
  6 bats (D:2)
  6 endoplasms
  A giant cockroach (D:2)
  6 goblins
  8 hobgoblins
  9 jackals
  6 frilled lizards
  12 kobolds
  6 rats
163 creatures vanquished.

Notes
Turn   | Place    | Note
-------+----------+-------------------------------------------
     0 | D:1      | Caterwaul the Human Monk began the quest for the Orb.
     0 | D:1      | Reached XP level 1. HP: 18/18 MP: 1/1
    90 | D:1      | Reached XP level 2. HP: 21/24 MP: 2/2
   300 | D:1      | Reached skill level 4 in Long Blades
   300 | D:1      | Reached XP level 3. HP: 26/29 MP: 3/3
   895 | D:2      | Reached XP level 4. HP: 35/35 MP: 4/4
  1200 | D:2      | Reached skill level 5 in Long Blades
  1697 | D:3      | Found Ureux's General Store.
  1703 | D:3      | Reached XP level 5. HP: 41/41 MP: 5/5
  1768 | D:3      | Found Zin's Purification Station.
  1780 | D:3      | Found a glowing silver altar of Zin.
  1793 | D:3      | Found Gydudek's Jewellery Emporium.
  1871 | D:3      | Found Wuup's Antique Armour Emporium.
  2007 | D:3      | Found a shadowy altar of Dithmenos.
  2012 | D:3      | Found a stormy altar of Qazlal.
  2012 | D:3      | Found a shimmering altar of Xom.
  2029 | D:3      | Found a white marble altar of Elyvilon.
  2032 | D:3      | Found an ornate altar of the Wu Jian Council.
  2196 | D:4      | Reached skill level 6 in Long Blades
  2337 | D:4      | Noticed an ice beast
  2438 | D:4      | Reached XP level 6. HP: 47/47 MP: 6/6
  2898 | D:4      | Found a snail-covered altar of Cheibriados.
  3047 | D:4      | Reached skill level 7 in Long Blades
  3319 | D:5      | Entered Level 5 of the Dungeon
  3358 | D:5      | Reached XP level 7. HP: 17/52 MP: 7/7
  3741 | D:5      | Reached skill level 8 in Long Blades
  4051 | D:5      | Got the Grimoire of the Hot Ocelot
  4115 | D:5      | Found a staircase to the Ecumenical Temple.
  4121 | Temple   | Entered the Ecumenical Temple
  4132 | Temple   | Became a worshipper of the Shining One
  4132 | Temple   | Reached * piety under the Shining One
  4132 | Temple   | Reached ** piety under the Shining One
  4836 | D:6      | Reached XP level 8. HP: 52/58 MP: 8/8
  4965 | D:6      | Reached skill level 9 in Long Blades
  5103 | D:6      | Found Tosotyri's Antique Weapon Boutique.
  5114 | D:6      | Bought a glowing scimitar for 175 gold pieces
  5155 | D:6      | Reached skill level 10 in Long Blades
  5549 | D:6      | HP: 2/58 [poisoned by a killer bee]
  5788 | D:7      | Reached XP level 9. HP: 63/63 MP: 9/9
  5803 | D:7      | Reached skill level 11 in Long Blades
  6448 | D:7      | Reached skill level 12 in Long Blades
  6689 | D:7      | Found an ancient bone altar of Kikubaaqudgha.
  6994 | D:7      | Reached *** piety under the Shining One
  7372 | D:8      | Noticed Amaemon
  7488 | D:8      | Amaemon changed into Amaemon the polar bear
  7488 | D:8      | Noticed Amaemon
  7491 | D:8      | Noticed an orange demon
  7509 | D:7      | Demolished by Amaemon the polar bear

Illustrated notes

Levels and vault maps discovered:
D:1:      tarquinn_simple_flora_water_c, layout_rooms
D:2:      layout_loops_corners
D:3:      layout_rooms, minmay_overflow_temple_star_hex, zin_purify,
          serial_shops, nicolae_shop_gaudy_bauble,
          nicolae_shop_temple_entry_statues_fountains, shop
D:4:      layout_cave_pods, lemuel_doored_altar
D:5:      layout_basic, minmay_temple_entry_enclosed_plants, patterned_corridor
D:6:      layout_basic, serial_shops, nicolae_shop_stone
D:7:      layout_basic, nicolae_kikubaaqudgha_miasma_corner
D:8:      layout_loops_cross, mainiacjoe_overflow_alcove_1, dpeg_lair_monsters,
          nicolae_nh_ransacked_shop, uniq_jeremiah, uniq_amaemon
Temple:   cyrus_circular_temple

Skill      XL: |  1  2  3  4  5  6  7  8  9 |
---------------+----------------------------+-----
Long Blades    | 4 5 6 7 8 10 12 | 12.6
Fighting       | |  3.0
Dodging        | |  3.0

Action                     |  1- 3 |  4- 6 |  7- 9 || total
---------------------------+-------+-------+-------++-------
  Melee: Falchion          |   109 |   173 |   102 ||   384
         Dagger            |       |       |   187 ||   187
         Scimitar          |       |       |    17 ||    17
         Punch             |       |       |     2 ||     2
  Throw: Dart              |       |     7 |    25 ||    32
  Evoke: Wand              |       |     1 |     9 ||    10
    Use: Potion            |       |     1 |     1 ||     2
 Armour: Robe              |    47 |   111 |   117 ||   275
         Leather armour    |       |       |    37 ||    37
         Ring mail         |       |       |     5 ||     5
         Skin              |       |       |     2 ||     2
  Dodge: Dodged            |    75 |   120 |   144 ||   339

Table legend: (Time is in decaauts)
 A = Elapsed time spent in this place.
 B = Non-inter-level travel time spent in this place.
 C = Inter-level travel time spent in this place.
 D = Time resting spent in this place.
 E = Time spent auto-exploring this place.
 F = Levels seen in this place.
 G = Mean time per level.
                   A        B        C        D        E       F      G
               +--------+--------+--------+--------+--------+-----+--------+
         Total |   7440 |   7186 |    254 |   1450 |   4391 |   9 |  826.7 |
       Dungeon |   7417 |   7185 |    232 |   1450 |   4391 |   8 |  927.1 |
        Temple |     22 |      1 |     21 |      0 |      0 |   1 |   22.0 |
               +--------+--------+--------+--------+--------+-----+--------+

Top non-repeatable levels by time:
     D:7: 1464 daAuts
     D:5: 1354 daAuts
     D:6: 1135 daAuts
     D:4: 1103 daAuts
     D:2: 939 daAuts
     D:1: 698 daAuts
     D:3: 589 daAuts
     D:8: 133 daAuts
  Temple: 22 daAuts
